 Dungeon Crawl Stone Soup version 0.23-a0-54-gae6112e (webtiles) character file.

30 galech the Magician (level 3, -3/31 HPs)
             Began as a Gnoll Wanderer on Aug 8, 2018.
             Slain by an adder (5 damage)
             ... on level 2 of the Dungeon.
             The game lasted 00:01:33 (1270 turns).

galech the Magician (Gnoll Wanderer)                Turns: 1270, Time: 00:01:33

Health: -3/31      AC:  2    Str: 14    XL:     3   Next: 20%
Magic:  11/11      EV: 11    Int: 15    God:
Gold:   47         SH:  0    Dex: 14    Spells: 15/16 levels left

rFire    . . .     SeeInvis .   o - +1 dagger (flame)
rCold    . . .     Gourm    .   (no shield)
rNeg     . . .     Faith    .   e - +0 robe
rPois    .         Spirit   .   (no helmet)
rElec    .         Reflect  .   (no cloak)
rCorr    .         Harm     .   (no gloves)
MR       .....                  (no boots)
Stlth    ++........             (no amulet)
HPRegen  0.10/turn              (no ring)
MPRegen  0.12/turn              (no ring)

@: lethally poisoned (-3 -> -6)
A: distributed training, fangs 1, strong nose
a: no special abilities


You were on level 2 of the Dungeon.
You were not hungry.

You visited 1 branch of the dungeon, and saw 2 of its levels.

You collected 47 gold pieces.

Inventory:

Hand Weapons
 b - a +0 hand axe
 c - a +0 hand crossbow
 o - a +1 dagger of flaming (weapon)
Missiles
 d - 22 bolts
Armour
 e - a +0 robe (worn)
 i - a +0 ring mail
Scrolls
 a - a scroll of amnesia {unknown}
 g - 2 scrolls of immolation {unknown}
 j - 2 scrolls of magic mapping {unknown}
 k - a scroll of random uselessness {unknown}
 m - a scroll of remove curse {unknown}
Potions
 l - a potion of berserk rage {unknown}
 n - a potion of lignification {unknown}
Comestibles
 f - a ration


   Skills:
 + Level 4.5 Fighting
 + Level 0.6 Short Blades
 + Level 0.6 Long Blades
 + Level 0.6 Axes
 + Level 0.6 Maces & Flails
 + Level 0.6 Polearms
 + Level 0.6 Staves
 + Level 0.6 Slings
 + Level 0.6 Bows
 + Level 4.5 Crossbows
 + Level 0.6 Throwing
 + Level 2.5 Armour
 + Level 0.6 Dodging
 + Level 0.6 Stealth
 + Level 0.6 Shields
 + Level 0.6 Unarmed Combat
 + Level 7.1 Spellcasting
 + Level 0.4 Conjurations
 + Level 0.4 Hexes
 + Level 0.4 Charms
 + Level 0.4 Summonings
 + Level 0.4 Necromancy
 + Level 0.4 Translocations
 + Level 0.4 Transmutations
 + Level 0.4 Fire Magic
 + Level 0.4 Ice Magic
 + Level 0.4 Air Magic
 + Level 0.4 Earth Magic
 + Level 0.4 Poison Magic
 + Level 0.8 Invocations
 + Level 4.5 Evocations


You had 15 spell levels left.
You knew the following spells:

 Your Spells              Type           Power        Failure   Level  Hunger
a - Magic Dart            Conj           #...         11%         1    None

Your spell library contained the following spells:

 Spells                   Type           Power        Failure   Level  Hunger
 Conjure Flame            Conj/Fire      #.......     32%         3    ##.....
 Slow                     Hex            #.......     16%         2    None
 Mephitic Cloud           Conj/Pois/Air  #.......     32%         3    ##.....
 Blink                    Tloc           N/A          16%         2    None
 Call Imp                 Summ           #.......     16%         2    None


Dungeon Overview and Level Annotations

Branches:
Dungeon (2/15)

Altars:


Innate Abilities, Weirdness & Mutations

Your experience applies equally to all skills.
You have very sharp teeth.
Your uncanny sense of smell can sniff out nearby items.


Message History

You are too injured to fight recklessly!
You are too injured to fight recklessly!
You are too injured to fight recklessly!
You are too injured to fight recklessly!
You are too injured to fight recklessly!
You are too injured to fight recklessly!
You are too injured to fight recklessly!
You are too injured to fight recklessly!
You hit the adder but do no damage. The adder bites you. x2
* * * LOW HITPOINT WARNING * * *
You miss the adder.
You feel sick. The adder barely misses you.
You barely miss the adder. Your bite misses the adder. The adder misses you.
You hit the adder. You burn the adder. You bite the adder.
The adder is moderately wounded.
The adder bites you.
* * * LOW HITPOINT WARNING * * *
You hit the adder but do no damage.
The adder is moderately wounded.
The adder bites you.
You die...

########.## .###
#.......... ...##
#..........
#..###....†.....
................
#######.#....#..###.##
#..)....##.#...## #.#
#......# #....#####.#
#..$S@.###........#.#
......##.....##.###.#.##
.........######.# #....#
...####### #.# ###..# .#
##.#####... #........##
∆ ......##.# .........#
∆.........##


You could see an adder.

Vanquished Creatures
  2 dart slugs (D:1)
  2 goblins (D:1)
  5 hobgoblins (D:1)
  5 jackals (D:1)
  2 ball pythons (D:1)
  A bat (D:1)
  A frilled lizard (D:1)
  4 kobolds
  4 rats (D:1)
26 creatures vanquished.

Notes
Turn   | Place    | Note
-------+----------+-------------------------------------------
     0 | D:1      | galech the Gnoll Wanderer began the quest for the Orb.
     0 | D:1      | galech set off with: a +0 hand axe, a +0 hand crossbow, 22 bolts, a +0 robe, a ration
     0 | D:1      | Reached XP level 1. HP: 20/20 MP: 8/8
     2 | D:1      | Learned a level 1 spell: Magic Dart
   102 | D:1      | Reached XP level 2. HP: 12/26 MP: 10/10
   643 | D:1      | Reached XP level 3. HP: 11/31 MP: 11/11
  1270 | D:2      | Slain by an adder

Vault maps used:
D:1:      minmay_arrival_checkered_box, serial_bayou_ford_a,
          minmay_misc_feat_plants
D:2:      nicolae_overflow_crystal_walls, first_ration

Action                   || total
-------------------------++-------
Melee: Hand axe          ||    74
       Bite              ||     7
       Dagger            ||    13
  Eat: Chunk             ||     1
Armor: Robe              ||    20
Dodge: Dodged            ||    65

Table legend:
 A = Spawn XP
 B = Non-spawn XP
 C = Spawn XP percentage of total XP
 D = Spawn monster count
 E = Non-spawn monster count
 F = Spawn count percentage of total count
 G = Total turns spent on level
                    A         B        C        D         E        F      G
               +---------+---------+-------+---------+---------+-------+---------
         Total |       0 |      44 |   0.0 |       0 |      26 |   0.0 |  1270
               +---------+---------+-------+---------+---------+-------+---------
           D:1 |       0 |      43 |   0.0 |       0 |      25 |   0.0 |  1136
           D:2 |       0 |       1 |   0.0 |       0 |       1 |   0.0 |   134
               +---------+---------+-------+---------+---------+-------+---------
